 Dungeon Crawl Stone Soup version 0.30-a0-1160-g6e42c06551 (webtiles) character file.

Game seed: 231091591542652542

5205 bobo the Cleaver (level 10, -1/93 (97) HPs)
             Began as a Hill Orc Monk on Apr 27, 2023.
             Was an Initiate of Gozag.
             Slain by a four-headed hydra (3 damage)
             ... on level 8 of the Dungeon.
             The game lasted 00:25:13 (8295 turns).

bobo the Cleaver (Hill Orc Monk)                    Turns: 8295, Time: 00:25:13

HP:   -1/93 (97)    AC: 16    Str: 19    XL:     10   Next: 60%
MP:   10/10         EV:  8    Int: 10    God:    Gozag
Gold: 1289          SH:  0    Dex: 13    Spells: 9/9 levels left

rFire   + . .        B - +2 whip (elec)
rCold   . . .        d - orb {light}
rNeg    . . .        k - +0 chain mail
rPois   .            C - +2 hat
rElec   .            x - +1 cloak
rCorr   .            f - +0 pair of gloves
SInv    .            A - +2 pair of boots
Will    .....        (no amulet) Stlth
                     r - ring of protection from fire
HPRegen 0.35/turn    (no ring)
MPRegen 0.12/turn

%: no passive effects
@: confused, about to teleport, ambrosia-drunk, glowing, lightly drained
A: no striking features
a: Renounce Religion, Potion Petition, Call Merchant, Bribe Branch


You were on level 8 of the Dungeon.
You worshipped Gozag.
Gozag was most pleased with you.
You visited 1 branch of the dungeon, and saw 8 of its levels.
You also visited: Sewer.

You collected 1514 gold pieces.
You spent 225 gold pieces at shops.

Inventory:

Hand Weapons
 a - a +0 heavy hand axe
 t - a +0 mace of holy wrath
 B - a +2 whip of electrocution (weapon)
Missiles
 o - 4 atropa-tipped darts
 q - 3 boomerangs (quivered)
 K - 3 curare-tipped darts
Armour
 d - an orb of light (worn)
 f - a +0 pair of gloves (worn)
 k - a +0 chain mail (worn)
 x - a +1 cloak (worn)
 A - a +2 pair of boots (worn)
 C - a +2 hat (worn)
Jewellery
 b - an amulet of the acrobat
 r - a ring of protection from fire (left hand)
 s - a ring of wizardry
 v - a ring of see invisible
 z - a ring of poison resistance
 H - an amulet of reflection
Wands
 M - a wand of paralysis (8)
 N - a wand of polymorph (10)
Scrolls
 h - a scroll of fog {unknown}
 j - a scroll of teleportation
 l - 2 scrolls of enchant armour {unknown}
 m - a scroll of vulnerability
 p - 2 scrolls of fear
 y - 2 scrolls of silence
 F - a scroll of noise {unknown}
 I - a scroll of summoning {unknown}
 J - a scroll of blinking {unknown}
Potions
 c - 2 potions of ambrosia
 e - 2 potions of mutation {unknown}
 g - 2 potions of resistance {unknown}
 i - 3 potions of cancellation {unknown}
 n - 2 potions of curing
 u - 2 potions of might {unknown}
 w - 5 potions of flight
 D - a potion of magic {unknown}
 E - a potion of invisibility {unknown}
 L - a potion of brilliance {unknown}
 O - 3 potions of heal wounds {unknown}


   Skills:
 + Level 12.2 Fighting
 + Level 13.3 Axes
 - Level 6.0 Throwing
 - Level 2.4 Dodging


You had 9 spell levels left.
You didn't know any spells.
Your spell library contained the following spells:

 Spells                   Type           Power      Damage    Failure   Level
 Magic Dart               Conj           0%         1d3       98%         1
 Cigotuvi's Dreadful Rot  Necr/Pois/Air  0%         N/A       99%         2
 Ensorcelled Hibernation  Hex/Ice        0%         N/A       99%         2
 Passwall                 Tmut/Erth      0%         N/A       99%         2
 Searing Ray              Conj           0%         2d4       99%         2
 Sublimation of Blood     Necr           0%         N/A       99%         2
 Wereblood                Tmut           0%         N/A       99%         2
 Ignite Poison            Fire/Tmut/Pois 0%         N/A       100%        3
 Swiftness                Air            0%         N/A       100%        3
 Fulminant Prism          Conj/Hex       0%         3d5       100%        4
 Freezing Cloud           Conj/Ice/Air   0%         6-21      100%        5
 Ozocubu's Refrigeration  Ice            0%         4d7       100%        7
 Summon Hydra             Summ           0%         N/A       100%        7
 Polar Vortex             Ice            0%         N/A       100%        9
 Simulacrum               Ice/Necr       Unusable   N/A       N/A         6

Dungeon Overview and Level Annotations

Branches:
Dungeon (8/15)             Temple (0/1) D:7            Lair (0/5) D:8
  Sewer (visited)

Altars:
Cheibriados
Dithmenos
Gozag
Nemelex Xobeh
Okawaru
Qazlal
Ru
The Shining One

Shops:
D:1 [   D:3 *

Annotations:
D:8 4 transporters


Message History

The four-headed hydra closely misses you.
The four-headed hydra bites you but does no damage.
You bump into the rock wall.
The howler monkey hoots and howls with incredible vigour!
The four-headed hydra bites you but does no damage. x4
You bump into the rock wall.
The four-headed hydra bites you but does no damage.
The four-headed hydra bites you.
The four-headed hydra bites you but does no damage.
The four-headed hydra closely misses you.
You bump into the rock wall.
The four-headed hydra closely misses you.
The four-headed hydra bites you. x2
The four-headed hydra closely misses you.
You're too confused to move!
The four-headed hydra bites you.
The four-headed hydra bites you but does no damage.
The four-headed hydra bites you!
* * * LOW HITPOINT WARNING * * *
The four-headed hydra bites you but does no damage.
You feel better.
You feel less invigorated.
The howler monkey hoots and howls with incredible vigour!
The four-headed hydra bites you but does no damage. x4
As you read the scroll of teleportation, it crumbles to dust.
You feel strangely unstable.
The four-headed hydra bites you but does no damage. x2
The four-headed hydra bites you!
* * * LOW HITPOINT WARNING * * *
The four-headed hydra barely misses you.
You are confused.
You feel invigorated. The four-headed hydra bites you!
* * * LOW HITPOINT WARNING * * *
The four-headed hydra bites you but does no damage.
The four-headed hydra bites you!
* * * LOW HITPOINT WARNING * * *
The four-headed hydra bites you.
* * * LOW HITPOINT WARNING * * *
The four-headed hydra attacks as you move away!
The four-headed hydra bites you.
You die...
Your body crumbles into a pile of gold.

#8.©.8#8.©.8#
#.#
#############
#.#
#8.©.8#8.©h8
#.#
#.....#.....
#[#
#....©#©.)..
#.#
#.....#.....###
#.#
.....8#8......#
#.# ..#####
#..h###.# ..#
#..hhD@.# ###
#########


You could see a four-headed hydra and 3 howler monkeys.

Vanquished Creatures
  A cyclops (D:8)
  Maggie (D:8)
  Prince Ribbit (D:7)
  2 wyverns (D:8)
  Sigmund (D:2)
  5 yaks
  A basilisk (D:8)
  A steam dragon (D:6)
  4 water moccasins (D:8)
  An ice beast (D:7)
  Pargi (Sewer)
  An ogre (D:7)
  3 centaurs (D:8)
  2 phantoms
  Blork the orc (D:4)
  2 kobold brigands (D:7)
  5 bullfrogs (D:8)
  3 scorpions
  5 wights (D:8)
  2 howler monkeys
  A jelly (D:6)
  3 orc priests
  3 hounds
  An iguana (D:4)
  5 orc wizards
  4 sleepcaps
  Natasha (D:2)
  Robin (D:2)
  9 adders
  6 gnolls
  A river rat (D:6)
  3 shadow imps
  3 white imps (D:5)
  2 ufetubi
  4 worms
  4 dart slugs
  21 orcs
  7 ball pythons
  2 endoplasms
  2 giant cockroaches (D:1)
  17 goblins
  6 hobgoblins
  4 jackals
  3 quokkas
  4 bats (D:2)
  3 frilled lizards
  16 kobolds
  9 rats
188 creatures vanquished.

Vanquished Creatures (others)
  3 fungi (D:8)
  18 plants (D:8)
21 creatures vanquished.

Grand Total: 209 creatures vanquished

Notes
Turn   | Place    | Note
-------+----------+-------------------------------------------
     0 | D:1      | bobo the Hill Orc Monk began the quest for the Orb.
     0 | D:1      | Reached XP level 1. HP: 19/19 MP: 1/1
    94 | D:1      | Found Onyzepn's Antique Armour Shop.
   170 | D:1      | Reached XP level 2. HP: 20/27 MP: 2/2
   804 | D:2      | Reached XP level 3. HP: 32/34 MP: 3/3
   894 | D:2      | Reached skill level 5 in Axes
  1040 | D:2      | Noticed Natasha
  1110 | D:2      | Noticed Robin
  1132 | D:2      | Reached XP level 4. HP: 35/41 MP: 4/4
  1140 | D:2      | Killed Robin
  1334 | D:2      | Killed Natasha
  1335 | D:2      | Reached skill level 5 in Fighting
  1566 | D:2      | Noticed Sigmund
  1581 | D:2      | Reached XP level 5. HP: 48/48 MP: 5/5
  1589 | D:2      | Killed Sigmund
  1590 | D:2      | Reached skill level 6 in Axes
  1590 | D:2      | Reached XP level 6. HP: 40/57 MP: 6/6
  1838 | D:3      | Found an opulent altar of Gozag.
  1842 | D:3      | Found Gozag's Platinum Reserve.
  1854 | D:3      | Became a worshipper of Gozag Ym Sagoz the Greedy
  1881 | D:3      | Found an iron altar of Okawaru.
  2001 | D:3      | Reached skill level 7 in Axes
  2152 | D:3      | Reached skill level 1 in Throwing
  2304 | D:3      | Found a glowing golden altar of the Shining One.
  2941 | D:4      | Reached XP level 7. HP: 38/64 MP: 7/7
  3130 | D:4      | Noticed Blork the orc
  3153 | D:4      | Killed Blork the orc
  3288 | D:4      | Found a snail-covered altar of Cheibriados.
  3951 | D:1      | Bought an embroidered cloak for 225 gold pieces
  4035 | D:5      | Entered Level 5 of the Dungeon
  4208 | D:5      | Reached skill level 8 in Axes
  4330 | D:5      | Found a sparkling altar of Nemelex Xobeh.
  4338 | D:5      | Identified the staff of poison "Goheec" {Fragile rElec
                  | rPois rC+}
  4602 | D:6      | Found a shadowy altar of Dithmenos.
  4607 | D:6      | Noticed a steam dragon
  4679 | D:6      | Reached XP level 8. HP: 62/74 MP: 8/8
  5104 | D:6      | Found a glowing drain.
  5110 | Sewer    | Entered a sewer
  5142 | Sewer    | Noticed Pargi
  5149 | Sewer    | Killed Pargi
  5150 | Sewer    | Reached skill level 9 in Axes
  5596 | D:6      | Found a stormy altar of Qazlal.
  5701 | D:6      | Found a sparkling altar of Nemelex Xobeh.
  6007 | D:7      | Noticed Prince Ribbit
  6057 | D:7      | Killed Prince Ribbit
  6058 | D:7      | Reached skill level 10 in Axes
  6058 | D:7      | Reached XP level 9. HP: 58/83 MP: 9/9
  6246 | D:7      | Reached skill level 5 in Throwing
  6410 | D:7      | Found a staircase to the Ecumenical Temple.
  6482 | D:7      | Found a sacrificial altar of Ru.
  6685 | D:8      | Reached skill level 10 in Fighting
  6704 | D:8      | Reached skill level 11 in Axes
  6924 | D:8      | Reached XP level 10. HP: 94/94 MP: 10/10
  6962 | D:8      | Found a staircase to the Lair.
  6974 | D:8      | Reached skill level 12 in Axes
  7104 | D:8      | Found a transporter.
  7145 | D:8      | Found a transporter.
  7148 | D:8      | Found a transporter.
  7173 | D:8      | Noticed a cyclops
  7207 | D:8      | Killed a cyclops
  7535 | D:8      | Noticed Maggie
  7554 | D:8      | Killed Maggie
  7623 | D:8      | Reached skill level 13 in Axes
  8176 | D:8      | Found a transporter.
  8177 | D:8      | Noticed a four-headed hydra
  8294 | D:8      | HP: 2/93 [four-headed hydra (4)]
  8295 | D:8      | Slain by a four-headed hydra

Illustrated notes

Levels and vault maps discovered:
D:1:      dreamdust_arrival_sigmund_warning, layout_loops_ring, serial_shops,
          shop
D:2:      layout_basic, minmay_pentomino_o4, uniq_sigmund, uniq_natasha,
          uniq_robin
D:3:      layout_loops_corners, nicolae_gozag_zags_fifth_avenue,
          mainiacjoe_overflow_alcove_2, mainiacjoe_overflow_catwalk,
          nicolae_figureground_pulse
D:4:      layout_loops_cross, cheibriados_altar_2, grunt_ministairs_13,
          grunt_decor_clamped, uniq_blork_the_orc
D:5:      layout_cave_pools, overflow_temple_1_default, mrwooster_statue_mirror
D:6:      layout_basic, nicolae_qazlal_scattered_showers,
          gup_sewer_entry_spiral, hangedman_feature_mirror,
          chequers_serial_rivers_small_3
D:7:      layout_rooms, nicolae_overflow_crystal_walls,
          minmay_temple_entry_glassed_door, uniq_prince_ribbit1
D:8:      minmay_distorted_concentric_squares, layout_rooms,
          minmay_lair_entry_grove, nicolae_diode_quadrants, uniq_maggie

Skill      XL: |  1  2  3  4  5  6  7  8  9 10 |
---------------+-------------------------------+-----
Fighting       | 4 5 6 7 9 10 12 | 12.2
Axes           | 5 6 7 8 10 11 13 | 13.3
Throwing       | 1 2 4 6 |  6.0
Dodging        | |  2.4

Action                     |  1- 3 |  4- 6 |  7- 9 | 10-12 || total
---------------------------+-------+-------+-------+-------++-------
  Melee: Hand axe          |   112 |   163 |   154 |    15 ||   444
         Whip              |       |       |   280 |   103 ||   383
         Mace              |       |       |       |    24 ||    24
  Throw: Boomerang         |       |     3 |     1 |       ||     4
         Dart              |       |       |     2 |       ||     2
    Use: Scroll            |       |       |     5 |     3 ||     8
         Potion            |       |       |     1 |     4 ||     5
   Stab: Distracted        |       |     2 |     2 |       ||     4
 Armour: Robe              |     7 |       |       |       ||     7
         Chain mail        |    53 |    85 |   217 |    93 ||   448
  Dodge: Dodged            |    52 |    44 |   138 |    61 ||   295

Table legend: (Time is in decaauts)
 A = Elapsed time spent in this place.
 B = Non-inter-level travel time spent in this place.
 C = Inter-level travel time spent in this place.
 D = Time resting spent in this place.
 E = Time spent auto-exploring this place.
 F = Levels seen in this place.
 G = Mean time per level.
                   A        B        C        D        E       F      G
               +--------+--------+--------+--------+--------+-----+--------+
         Total |   8288 |   7887 |    401 |     73 |   5940 |   9 |  920.9 |
       Dungeon |   8155 |   7754 |    401 |     73 |   5878 |   8 | 1019.4 |
         Sewer |    132 |    132 |      0 |      0 |     62 |   1 |  132.0 |
               +--------+--------+--------+--------+--------+-----+--------+

Top non-repeatable levels by time:
     D:8: 1491 daAuts
     D:4: 1206 daAuts
     D:3: 1075 daAuts
     D:6: 1072 daAuts
     D:7: 948 daAuts
     D:2: 920 daAuts
     D:1: 849 daAuts
     D:5: 591 daAuts
   Sewer: 132 daAuts
